 Dungeon Crawl Stone Soup version 0.28-a0-628-g3c9886e45e (webtiles) character file.

Game seed: 6237719287051865431

230 rogsnak the Magician (level 6, -1/42 HPs)
             Began as a Djinni Hedge Wizard on Oct 8, 2021.
             Slain by Grinder (4 damage)
             ... on level 3 of the Dungeon.
             The game lasted 00:04:55 (4148 turns).

rogsnak the Magician (Djinni Hedge Wizard)          Turns: 4148, Time: 00:04:55

Health: -1/42      AC:  2    Str:  9    XL:     6   Next: 24%
Gold:   112        EV: 12    Int: 18    God:
                   SH:  0    Dex: 12

rFire   + + .      SeeInvis .   q - +0 battleaxe
rCold   x . .      Faith    .   (shield currently unavailable)
rNeg    . . .      Spirit   .   b - +0 robe
rPois   ∞          Reflect  .   c - +0 hat
rElec   .          Harm     .   (no cloak)
rCorr   .          Rampage  .   (no gloves)
Will    .....                   (boots unavailable)
Stlth   ++........              (no amulet)
HPRegen 0.14/turn               (no ring)
MPRegen 0.00/turn               (no ring)

@: flying
A: sickness immunity, fire resistance 2, cold vulnerability 1, float, innate
caster, hp casting, extra vitality 1
a: no special abilities


You were on level 3 of the Dungeon.
You visited 1 branch of the dungeon, and saw 3 of its levels.

You collected 112 gold pieces.

Inventory:

Hand Weapons
 a - a +0 dagger
 e - a +0 short sword
 l - a +0 mace
 q - a +0 battleaxe (weapon)
Missiles
 d - 88 stones
 f - 14 sling bullets
 g - 38 bolts
 j - 2 boomerangs
 m - 24 arrows
 s - 4 boomerangs of dispersal
 u - 19 poisoned darts
Armour
 b - a +0 robe (worn)
 c - a +0 hat (worn)
 o - a +0 buckler
Scrolls
 i - 2 scrolls of fear {unknown}
 k - a scroll of identify {unknown}
 n - a scroll of torment {unknown}
 p - a scroll of teleportation {unknown}
 r - a scroll of enchant armour {unknown}
 v - a scroll of immolation {unknown}
Potions
 h - a potion of invisibility {unknown}
 t - a potion of ambrosia {unknown}


   Skills:
 + Level 1.4 Fighting
 + Level 3.3 Dodging
 - Level 2.0 Stealth
 + Level 4.3 Spellcasting


You couldn't memorise any spells.
You knew the following spells:

 Your Spells              Type           Power      Damage    Failure   Level
a - Magic Dart            Conj           76%        1d6       2%          1
b - Blink                 Tloc           N/A        N/A       3%          2
c - Call Imp              Summ           19%        N/A       3%          2
d - Slow                  Hex            19%        N/A       3%          2
e - Conjure Flame         Conj/Fire      19%        6-21      7%          3
f - Mephitic Cloud        Conj/Pois/Air  19%        N/A       7%          3
g - Animate Skeleton      Necr           38%        N/A       2%          1
h - Wereblood             Tmut           19%        N/A       3%          2
Your spell library was empty.

Dungeon Overview and Level Annotations

Branches:
Dungeon (3/15)

Altars:

Shops:
D:2 !

Annotations:
D:3 Grinder


Innate Abilities, Weirdness & Mutations

You are immune to sickness and miasma.
You are immune to poison.
Your flesh is very heat resistant. (rF++)
You are vulnerable to cold. (rC-)
You float through the air rather than walking.
You learn spells naturally, not from books.
Your magical power is your life essence.
You have superior vitality. (+4 HP)


Message History

* * * LOW HITPOINT WARNING * * *
You can move again.
You hit Grinder but do no damage.
Grinder is heavily wounded.
Grinder blinks! x2
Grinder blinks!
Casting: Magic Dart (safe; 2% risk of failure)
Confirm with . or Enter, or press ? or * to list all spells.
Aiming: Magic Dart (safe; 2% risk of failure)
Press: ? - help, Shift-Dir - straight line, f - Grinder
Aim: Grinder (heavily wounded, 100% to hit)
The magic dart hits Grinder.
Grinder is severely wounded.
* * * LOW HITPOINT WARNING * * *
Casting: Magic Dart (safe; 2% risk of failure)
Confirm with . or Enter, or press ? or * to list all spells.
Aiming: Magic Dart (safe; 2% risk of failure)
Press: ? - help, Shift-Dir - straight line, f/p - Grinder
Aim: Grinder (severely wounded, 100% to hit)
The magic dart hits Grinder.
Grinder is severely wounded.
* * * LOW HITPOINT WARNING * * *
You closely miss Grinder.
Grinder is severely wounded.
Grinder barely misses you.
Grinder blinks!
You hit Grinder but do no damage.
Grinder is severely wounded.
Grinder blinks!
Found 13 gold pieces.
Grinder blinks!
Grinder blinks!
Casting: Magic Dart (safe; 2% risk of failure)
Confirm with . or Enter, or press ? or * to list all spells.
Aiming: Magic Dart (safe; 2% risk of failure)
Press: ? - help, Shift-Dir - straight line, f/p - Grinder
Aim: Grinder (severely wounded, 100% to hit)
The magic dart hits Grinder.
Grinder is severely wounded.
* * * LOW HITPOINT WARNING * * *
Grinder hits you.
You die...

.#.....## ##.. #.#
...####.###.### #.#
..# ##.#..# #.# ..#
##.#.# #.# ..#
###.# #.#
#.#########.###.#.#
#...............#.#
###.#############5#
# #.# #.$.@.# #.#
#§##### #.# #.# #.#
#.# .##.######
.........#
#####.##.#


You could see Grinder.

Vanquished Creatures
  Sigmund (D:2)
  An adder (D:2)
  2 worms (D:2)
  3 dart slugs
  3 orcs (D:3)
  7 ball pythons
  4 bats
  3 endoplasms
  A giant cockroach (D:3)
  6 goblins
  5 hobgoblins
  2 quokkas
  A frilled lizard (D:2)
  10 kobolds
  5 rats
54 creatures vanquished.

Vanquished Creatures (collateral kills)
  A bat (D:3)
1 creature vanquished.

Grand Total: 55 creatures vanquished

Notes
Turn   | Place    | Note
-------+----------+-------------------------------------------
     0 | D:1      | rogsnak the Djinni Hedge Wizard began the quest for the
                  | Orb.
     0 | D:1      | Reached XP level 1. HP: 15/15 MP: 0/0
   452 | D:1      | Reached XP level 2. HP: 13/21 MP: 0/0
   667 | D:1      | Found a faded altar of an unknown god.
  1054 | D:1      | Reached skill level 3 in Spellcasting
  1054 | D:1      | Reached XP level 3. HP: 19/25 MP: 0/0
  1054 | D:1      | Learned a level 1 spell: Animate Skeleton
  1701 | D:2      | Found Emiotti's Distillery.
  2103 | D:2      | Reached XP level 4. HP: 10/31 MP: 0/0
  2748 | D:2      | Noticed Sigmund
  2906 | D:2      | Killed Sigmund
  2907 | D:2      | Reached skill level 1 in Fighting
  2907 | D:2      | Reached skill level 4 in Spellcasting
  2907 | D:2      | Reached XP level 5. HP: 11/37 MP: 0/0
  2907 | D:2      | Learned a level 2 spell: Wereblood
  2907 | D:2      | Reached XP level 6. HP: 13/42 MP: 0/0
  3610 | D:3      | HP: 2/42 [kobold (1)]
  4127 | D:3      | Noticed Grinder
  4131 | D:3      | Paralysed by Grinder for 4 turns
  4148 | D:3      | Slain by Grinder

Illustrated notes

Levels and vault maps discovered:
D:1:      mrwooster_arrival_arrow, layout_basic,
          ebering_ecumenical_altar_abandoned
D:2:      layout_loops_cross, serial_shops,
          nicolae_shop_competitors_out_of_business, roderic_lattice_a,
          minmay_pentomino_o2, uniq_sigmund
D:3:      layout_loops_ring, uniq_grinder

Skill      XL: |  1  2  3  4 |
---------------+-------------+-----
Spellcasting   | 3 4 |  4.3
Stealth        | 2 |  2.0
Fighting       | 1 |  1.4
Dodging        | 3 |  3.3

Action                   |  1- 3 |  4- 6 || total
-------------------------+-------+-------++-------
Melee: Short sword       |    25 |       ||    25
       Dagger            |     1 |       ||     1
       Battleaxe         |     8 |    46 ||    54
 Cast: Magic Dart        |    71 |    38 ||   109
       Animate Skeleton  |     1 |     3 ||     4
       Mephitic Cloud    |       |     2 ||     2
 Stab: Confused          |       |     1 ||     1
Armor: Robe              |    10 |    11 ||    21
Dodge: Dodged            |    34 |    36 ||    70

Table legend: (Time is in decaauts)
 A = Elapsed time spent in this place.
 B = Non-inter-level travel time spent in this place.
 C = Inter-level travel time spent in this place.
 D = Time resting spent in this place.
 E = Time spent auto-exploring this place.
 F = Levels seen in this place.
 G = Mean time per level.
                   A        B        C        D        E       F      G
               +--------+--------+--------+--------+--------+-----+--------+
         Total |   4186 |   4095 |     91 |   1041 |   2497 |   3 | 1395.3 |
       Dungeon |   4186 |   4095 |     91 |   1041 |   2497 |   3 | 1395.3 |
               +--------+--------+--------+--------+--------+-----+--------+

Top non-repeatable levels by time:
     D:2: 1808 daAuts
     D:1: 1483 daAuts
     D:3: 895 daAuts
